[Event "34th Pula Open 2022"]
[Site "Pula"]
[Date "2022.06.22"]
[Round "6.6"]
[White "Stankovic, Boris"]
[Black "Jurakic, Lukas"]
[Result "1-0"]
[ECO "B94"]
[WhiteElo "2287"]
[BlackElo "2147"]
[Annotator "TA"]
[PlyCount "147"]
[EventDate "2022.06.18"]
[EventType "swiss"]
[EventCountry "CRO"]
[SourceTitle "playchess.com"]
[Source "ChessBase"]
[SourceQuality "1"]
[TimeControl "5400+30"]

1. e4 c5 2. Nf3 d6 3. d4 cxd4 4. Nxd4 Nf6 5. Nc3 a6 6. Bg5 Nbd7 7. f4 Qc7 8. Qf3 {[%emt 0:01:24] B94: Sicilian Najdorf: 6 Bg5 Nbd7.} h6 {[%emt 0:00:17] 8...b5 might become the main line.} 9. Bh4 (9. Bxf6 $5 Nxf6 10. f5 $11) 9... g5 $1 10. fxg5 {[%emt 0:03:29] The position is equal.} hxg5 11. Bxg5 Qc5 $1 12. Nf5 e6 $1 13. Bxf6 Nxf6 14. Ng3 (14. Ne3 $11) 14... Nd7 $17 {[%emt 0:08:55][%mdl 1024] Black has strong compensation.} 15. O-O-O Ne5 16. Qe2 b5 {[%emt 0:15:45][%cal Bb7b5,Bb5b4][%mdl 32] Strongly threatening ...b4.} 17. Kb1 {[%emt 0:02:15] [#]} b4 $146 ({Predecessor:} 17... Bd7 18. Nh5 Be7 19. g4 b4 20. Nd5 exd5 21. Rxd5 Bxg4 22. Qd2 Qb6 23. Ng7+ Kf8 {0-1 (32) Shukh,N (2413)-Savchenko,S (2502) St Petersburg 2011}) 18. Na4 Qa5 19. b3 Bd7 20. Nb2 Ke7 21. Qd2 (21. Nc4 $2 Nxc4 22. Qxc4 Bg7 $19) 21... Kd8 (21... Ke8 22. Nd3 $14) ({Black should try} 21... Qc5 $1 $15) 22. Ne2 Rc8 23. Nc1 Rc3 (23... Bc6 $14) 24. Qd4 (24. Nc4 $142 Qc5 25. Nxd6 Bxd6 26. Qxd6 Qxd6 27. Rxd6) 24... Rg8 (24... Qc5 $142) 25. Ncd3 $16 Nc6 26. Qf2 {[%emt 0:01:12] Dancing on a razor blade.} Ke8 {[%emt 0:00:39] [#]} (26... Ne5 $16) 27. Be2 $1 $18 (27. Na4 Rxd3 28. Bxd3 Qe5) 27... Qg5 (27... Bg7 $142) 28. Rhf1 (28. Na4 $6 Rxd3 29. cxd3 (29. Bxd3 Qe5 $18) 29... Qxg2 $18) 28... Nd8 29. g4 ({Don't take} 29. Nxb4 $6 a5 $18) 29... a5 (29... Bc6 $142 30. h4 (30. Nxb4 Bxe4 31. Bxa6 Qc5 $18) 30... Qa5) 30. h4 Qb5 31. Nf4 (31. g5 $142) 31... Qc6 $2 (31... Qc5 32. Nc4 Qxf2 33. Rxf2 Be7) 32. Nh5 {[%emt 0:00:39] aiming for Nf6+.} Be7 33. Nc4 {[%emt 0:01:06] Pair of Knights!} Rg6 {[%emt 0:03:45] Inhibits Nf6+.} 34. Bd3 e5 35. g5 Bg4 36. Be2 Bxe2 37. Qxe2 Qc5 (37... Rxc4 $142 38. bxc4 a4) 38. Rd5 Qc7 39. Qf2 a4 40. Qf5 {[%emt 0:01:47][%cal Rc4e5] Against Rh3. Nxe5! is the strong threat.} Rxc4 41. bxc4 Qxc4 42. Qf3 {[%emt 0:00:44] Inhibits b3.} Rg8 43. Ng3 Kd7 44. Qd3 Qxd3 45. Rxd3 Ke6 $2 (45... Rh8 {is a better defense.} 46. Nf5 Ne6) 46. Nf5 Nc6 47. Nxd6 Bxd6 (47... f6 $142 48. Nb5 Nd4) 48. Rf6+ Ke7 49. Rfxd6 Nd4 50. R6xd4 (50. Ra6 $142) 50... exd4 51. Rxd4 {[%emt 0:00:08][%mdl 4096] Endgame KR-KR} Rb8 (51... Rh8 $142 52. Rxb4 Rxh4 53. Rxa4 Rg4) 52. Kb2 Ke6 $2 (52... Rh8 53. Rxb4 Rxh4 54. Rxa4 Rg4) 53. h5 Ke5 54. Rd7 Kf4 55. Rxf7+ Kxg5 56. Rf5+ Kh6 57. Ra5 Re8 58. Rxa4 Rxe4 59. Kb3 Kxh5 60. Rxb4 Re3+ 61. c3 Kg5 62. a4 Kf6 63. a5 Re8 64. a6 Ke5 65. Kc4 (65. a7 $142 Ra8 66. Ra4 Kd6 67. Kc4 Kc7 68. Ra6 Kd8 69. Kc5 Kc7 70. c4) 65... Kd6 66. a7 {[%emt 0:01:18] Rb8 would kill now.} Ra8 67. Ra4 Kc6 {[%emt 0:00:12] [#]} 68. Ra6+ $2 (68. Kb4 $1 {mates} Kb7 69. Kb5 Kc7 70. c4 Kb7 71. c5 Kc7 72. Rh4 Kd7 73. Rh6) 68... Kb7 69. Kb5 $2 (69. Ra2 $18 {And now Ra3 would win.} Rc8+ 70. Kb5) 69... Kc7 $2 {[%emt 0:00:29][%mdl 8192] A mistake that costs the game.} (69... Rxa7 $11 70. Rxa7+ Kxa7 71. Kc6 Kb8 72. c4 Kc8 73. c5 Kd8 74. Kb7 Ke7) 70. c4 {[%emt 0:00:05][%cal Bc3c4,Bc4c5][%mdl 32] White mates.} Kb7 71. c5 Kc7 72. Rh6 Kb7 73. Rh7+ Kc8 74. Kc6 {[%emt 0:00:13] Weighted Error Value: White=0.43/Black=0.69} 1-0

[Event "34th Pula Open 2022"]
[Site "Pula"]
[Date "2022.06.22"]
[Round "6.7"]
[White "Rubil, Marko"]
[Black "Cvitan, Ena"]
[Result "1/2-1/2"]
[ECO "B12"]
[WhiteElo "2272"]
[BlackElo "2251"]
[Annotator "TA"]
[PlyCount "32"]
[EventDate "2022.06.18"]
[EventType "swiss"]
[EventCountry "CRO"]
[SourceTitle "playchess.com"]
[Source "ChessBase"]
[SourceQuality "1"]
[TimeControl "5400+30"]

1. e4 c6 2. d4 d5 3. e5 Bf5 4. c4 e6 5. Nc3 Ne7 6. h3 {[%emt 0:00:08] B12: Caro-Kann: Advance Variation.} h6 7. Nf3 Be4 {[%emt 0:00:15] [#]} 8. c5 $146 {[%emt 0:36:33] The position is equal.} ({Much worse is} 8. Nxe4 dxe4 9. Ng1 c5 $17) ({Predecessor:} 8. cxd5 Bxd5 9. Nxd5 Nxd5 10. a3 Nd7 11. Bc4 Be7 12. O-O N7b6 13. Bd3 Qd7 14. Bd2 {½-½ (33) Petrov,M (2522)-Fernandez,D (2349) Paleochora 2012}) 8... Bxf3 9. Qxf3 b6 10. cxb6 Qxb6 11. Qd3 Nf5 12. Be3 Nxe3 ({Of course not} 12... Qxb2 13. Rb1 Qa3 14. Bd2 $11) 13. fxe3 Be7 14. O-O-O Nd7 15. Qa6 (15. h4 $15) 15... O-O (15... Bg5 $17 16. Kb1 Bxe3) 16. Kb1 $15 Rab8 {[%emt 0:00:30] White got outplayed after the opening.  Weighted Error Value: White=0.11 (very precise) /Black=0.07 (flawless)} 1/2-1/2

[Event "34th Pula Open 2022"]
[Site "Pula"]
[Date "2022.06.22"]
[Round "6.8"]
[White "Dahl, Trygve"]
[Black "Ragger, Anna-Christina"]
[Result "1/2-1/2"]
[ECO "B17"]
[WhiteElo "2237"]
[BlackElo "2141"]
[Annotator "TA"]
[PlyCount "64"]
[EventDate "2022.06.18"]
[EventType "swiss"]
[EventCountry "CRO"]
[SourceTitle "playchess.com"]
[Source "ChessBase"]
[SourceQuality "1"]
[TimeControl "5400+30"]

1. e4 c6 2. d4 d5 3. Nc3 dxe4 4. Nxe4 Nd7 5. Nf3 Ngf6 6. Nxf6+ Nxf6 7. c3 Bg4 8. Be2 e6 9. h3 {[%emt 0:04:33] B17: Caro-Kann: Modern Line (4...Nd7).} Bh5 10. Bf4 Bd6 11. Bxd6 {[%emt 0:01:42] The position is equal.} Qxd6 12. O-O O-O 13. Ne5 Bxe2 14. Qxe2 c5 {[%emt 0:13:04] [#]} 15. dxc5 $146 ({Predecessor:} 15. Rad1 Rad8 16. dxc5 Qxc5 17. Rxd8 Rxd8 18. Rd1 Rd5 19. c4 Rd4 20. Rxd4 Qxd4 21. Qd3 Qxd3 22. Nxd3 {½-½ (45) Chekhov,S (2458)-Maletin,P (2579) Voronezh 2016}) 15... Qxc5 16. c4 Rfd8 17. Rfd1 h6 18. Rac1 Qa5 19. a3 Rxd1+ 20. Rxd1 Rd8 21. Rxd8+ Qxd8 $11 {[%emt 0:00:05][%mdl 4096] Endgame KQN-KQN} 22. Nf3 Qd6 23. g3 a5 24. Kg2 Nd7 25. Qd2 Qxd2 26. Nxd2 {[%emt 0:00:06] KN-KN} a4 27. f4 Kf8 28. Kf3 Ke7 29. Ke4 Kd6 30. Kd4 Nc5 31. Nf3 f6 32. Nd2 h5 {[%emt 0:02:08] A rather calm draw.  Weighted Error Value: White=0.04 (flawless) /Black=0.02 (flawless)} 1/2-1/2

[Event "34th Pula Open 2022"]
[Site "Pula"]
[Date "2022.06.22"]
[Round "6.9"]
[White "Vatter, Hans-Joachim"]
[Black "Lindgren, Philip"]
[Result "0-1"]
[ECO "B13"]
[WhiteElo "2195"]
[BlackElo "2369"]
[Annotator "TA"]
[PlyCount "78"]
[EventDate "2022.06.18"]
[EventType "swiss"]
[EventCountry "CRO"]
[SourceTitle "playchess.com"]
[Source "ChessBase"]
[SourceQuality "1"]
[TimeControl "5400+30"]

1. e4 c6 2. d4 d5 3. exd5 cxd5 4. Bd3 Nc6 5. c3 Qc7 6. h3 Nf6 {[%emt 0:02:50] 6...g6 gains popularity.} 7. Nf3 g6 8. Qc2 {[%emt 0:00:47] B13: Caro-Kann: Exchange Variation and Panov-Botvinnik Attack.} Bg7 9. O-O O-O 10. Re1 {[%emt 0:02:52] White has an edge.} Nd7 11. Na3 a6 {[%emt 0:03:33] [#]} 12. Qb3 $146 ({Predecessor:} 12. Qd1 e5 13. dxe5 {½-½ (13) Parkanyi,A (2275)-Csonka,A (2347) Hungary 2019}) 12... Nb6 13. Nc2 Na5 14. Qb4 Nc6 15. Qb3 Re8 (15... Na5 $5 16. Qa3 Nc6 $14) 16. Nb4 Nxb4 17. Qxb4 Nc4 {[%emt 0:03:30] Prevents Ne5.} 18. Qb3 Bf5 (18... f6 $11) 19. Qc2 (19. Bxf5 $14 gxf5 20. Qd1) 19... Bxd3 $11 20. Qxd3 Rac8 21. Re2 b5 22. a4 Qa5 23. b3 (23. b4 $5 Qb6 24. Bf4 $11) 23... Nd6 24. b4 Qb6 25. Ne5 bxa4 26. Rea2 $2 {[%emt 0:12:06] Loses the game.} (26. Rxa4 $15 Bxe5 27. dxe5) 26... Ne4 $19 27. Rxa4 Rxc3 ({Worse is} 27... Bxe5 28. Rxa6 Bh2+ 29. Kxh2 Qb8+ 30. Kg1 $17) 28. Rxa6 (28. Qf1 {is the only way for White.}) 28... Rxd3 29. Rxb6 Rxd4 30. f4 Rd1+ 31. Kh2 Bh6 32. g3 f6 33. Nc6 e5 {[%emt 0:00:16] [#] aiming for ...exf4.} 34. Rb7 $2 (34. Rba6) 34... exf4 {[%emt 0:00:23] Black is clearly winning.} 35. Bxf4 Rxa1 36. Bxh6 Ra2+ 37. Kg1 Nd6 {[%emt 0:00:41][%cal Re8e1] [#]} 38. Rg7+ Kh8 39. Kf1 {[%emt 0:00:52] Against Re1+} Nf5 {[%emt 0:00:26][%csl LRg3,LRg7,LRh6] Weighted Error Value: White=0.76/Black=0.16 (very precise)} 0-1

[Event "34th Pula Open 2022"]
[Site "Pula"]
[Date "2022.06.22"]
[Round "6.10"]
[White "Pastar, Slaven"]
[Black "Tonndorf, Matthias"]
[Result "1-0"]
[ECO "A06"]
[WhiteElo "2300"]
[BlackElo "2162"]
[Annotator "TA"]
[PlyCount "71"]
[EventDate "2022.06.18"]
[EventType "swiss"]
[EventCountry "CRO"]
[SourceTitle "playchess.com"]
[Source "ChessBase"]
[SourceQuality "1"]
[TimeControl "5400+30"]

1. Nf3 Nf6 2. b3 d5 3. Bb2 c5 4. e3 Nc6 5. Bb5 Bd7 6. O-O e6 7. c4 {[%emt 0:00:33] A06: Réti Opening: 1 Nf3 d5.} dxc4 8. bxc4 {[%emt 0:00:45] [#]} Qb6 $146 ({Black should play} 8... Bd6 $11) ({Predecessor:} 8... Be7 9. Nc3 O-O 10. Ne2 Na5 11. Qc2 Rc8 12. Bxd7 Nxd7 13. d3 a6 14. Ng3 Bf6 {1-0 (47) Nepomniachtchi,I (2784)-Nakamura,H (2736) Chess.com INT 2020}) 9. Nc3 (9. Bxf6 $14 gxf6 10. Nc3) 9... a6 {[%emt 0:03:13] [#]} 10. Ba4 Bd6 (10... Qxb2 $2 11. Rb1 Qa3 12. Rb3 $18) (10... Be7 11. Rb1) 11. Rb1 {[%emt 0:01:47][%cal Oc3e4] Black must now prevent Ne4!} O-O 12. Nd5 Nxd5 (12... exd5 $11 13. Bxf6 Qc7 14. cxd5 Nb4 15. Bxd7 Qxd7) 13. cxd5 $18 exd5 {[%emt 0:00:33] [#]} 14. Bxg7 $1 Qc7 15. Bxf8 Rxf8 16. d4 (16. Nh4 $18) 16... c4 $16 17. Ng5 (17. Nh4 $16) 17... f6 $1 $14 18. Nh3 b5 19. Bc2 Nb4 {[%emt 0:08:59] [#]} 20. Rxb4 $1 Bxb4 {[%emt 0:00:33] This bishop pair is nice. White leaves nothing to chance now.} (20... Bxh3 21. Rb1) 21. Nf4 $1 {[%emt 0:01:26] aiming for Qb1.} Qd6 (21... Bc6 $2 22. Ne6 Qd7 23. Nxf8 Bxf8 24. Qf3 $18) 22. Qh5 $40 {[%emt 0:04:08][%csl Gc2,LRd5,LRh7][%cal Rh5h7][%mdl 128] White goes for the king.} f5 {[%emt 0:00:28] [#]} (22... Rf7 $16) 23. g4 $1 $18 Rf7 (23... Be8 $16 24. Qg5+ Kh8) 24. gxf5 (24. Bxf5 $6 Qc6 25. f3 Bf8 $18) 24... Ba5 25. Kh1 {[%emt 0:00:42] Hoping for Rg1+.} ({Not} 25. f6 Qxf6 26. Kh1 (26. Nxd5 $2 Qg7+ 27. Kh1 Bg4 $19) (26. Qxd5 $2 Bc6 $19) 26... Rg7 $16) 25... Kf8 (25... Rg7 $142 26. Rg1 Rxg1+ 27. Kxg1 Qf6 28. Nxd5 Qf7) 26. Rg1 b4 {[%emt 0:02:21] [#]} 27. Qg5 (27. Ng6+ $142 $1 hxg6 28. fxg6) 27... Ke8 28. Qg8+ Qf8 29. Nxd5 {[%emt 0:00:29] Qg3 is the strong threat.} Bc6 30. Qg2 {[%emt 0:01:37] White is clearly winning.} Qd6 31. Be4 b3 (31... Kd8 $142 32. Nf4 Kc7 33. Ne6+ Kb6 34. Bxc6 Qxc6) 32. axb3 cxb3 33. Rb1 Kf8 {[%emt 0:03:37] And now ...Rg7 would win.} 34. Nf4 ({Don't go for} 34. Rxb3 $2 Rg7 35. Qf3 Bxd5 $19) 34... Ba4 35. Ne6+ Ke7 36. Nc5 {[%emt 0:01:29] Weighted Error Value: White=0.40/Black=0.51} 1-0

[Event "34th Pula Open 2022"]
[Site "Pula"]
[Date "2022.06.22"]
[Round "6.11"]
[White "Babic, Drasko"]
[Black "Maier, Christian"]
[Result "1-0"]
[ECO "C77"]
[WhiteElo "2205"]
[BlackElo "2299"]
[Annotator "TA"]
[PlyCount "83"]
[EventDate "2022.06.18"]
[EventType "swiss"]
[EventCountry "CRO"]
[SourceTitle "playchess.com"]
[Source "ChessBase"]
[SourceQuality "1"]
[TimeControl "5400+30"]

1. Nf3 Nc6 2. e4 e5 3. Bb5 a6 4. Ba4 Nf6 5. Bxc6 dxc6 6. d3 Bd6 {[%emt 0:00:30] 6...Bd6 is better than 6...Nd7.} 7. Nbd2 Bg4 8. b3 {[%emt 0:00:21] C77: Ruy Lopez: 3...a6 4 Ba4 Nf6, unusual lines.} Qe7 9. Bb2 Nd7 10. h3 {[%emt 0:00:40] The position is equal.} Be6 {[%emt 0:00:32] [#]} 11. d4 $146 ({Predecessor:} 11. Qe2 f6 12. O-O g5 13. d4 h5 14. Nc4 g4 15. Nh4 Rg8 16. Nf5 Bxf5 17. exf5 exd4 {½-½ (39) Campora,D-De la Vega,H (2370) Buenos Aires 1976}) 11... f6 12. c4 c5 (12... exd4 $15 13. Nxd4 O-O-O) 13. d5 $14 Bf7 14. Nh4 g6 15. g3 O-O-O 16. Nf1 Rhe8 17. Ne3 f5 18. exf5 e4 19. fxg6 hxg6 20. Qg4 Rg8 21. O-O-O Be5 22. Bxe5 Qxe5 23. Kb1 {[%emt 0:00:06] Active counter play!} Kb8 24. Rhe1 (24. Nhg2 $16) 24... Nf6 25. Qe2 Rh8 ({Black should play} 25... g5 $14 26. Nhg2 Bh5) 26. Ng4 $16 Qd6 27. Qb2 Nxg4 28. hxg4 Rhe8 29. Qd2 Re5 30. Re2 Rde8 31. Rde1 c6 {[%emt 0:08:43] A mistake that costs the game.} (31... g5 $16) 32. dxc6 $18 (32. Qf4 g5 33. Qxf7 gxh4 $18) 32... Qxc6 {[%emt 0:00:08] [#]} 33. Nf3 $1 R5e7 34. Ng5 Ka7 35. Qf4 Bg8 36. Rxe4 (36. Nxe4 g5 37. Qxg5 (37. Qf5 $2 Re5 $19) 37... Rxe4 38. Rxe4 Rxe4 39. Rxe4 Qxe4+ 40. Kb2 Qd4+ 41. Kc1 Be6 $19) 36... Rxe4 37. Rxe4 ({Much less strong is} 37. Nxe4 $6 g5 38. Qf5 Be6 39. Qxg5 (39. Qxc5+ Qxc5 40. Nxc5 Bf5+ 41. Kb2 Rxe1 $11) 39... Bxc4 $16) 37... Rd8 38. Qe3 a5 $2 (38... Qd6 {was worth a try.} 39. Nf3 b5 40. Re7+ Kb6) 39. Re5 b6 40. Ne4 g5 $2 (40... Be6 41. f3 Bc8 42. Nxc5 Qd6) 41. Nc3 Bh7+ 42. Kb2 {[%emt 0:00:22] Weighted Error Value: White=0.12 (very precise) /Black=0.35} 1-0

[Event "34th Pula Open 2022"]
[Site "Pula"]
[Date "2022.06.22"]
[Round "6.12"]
[White "Cupic, Lovro"]
[Black "Compel, Daniel"]
[Result "1-0"]
[ECO "B50"]
[WhiteElo "2271"]
[BlackElo "2106"]
[Annotator "TA"]
[PlyCount "117"]
[EventDate "2022.06.18"]
[EventType "swiss"]
[EventCountry "CRO"]
[SourceTitle "playchess.com"]
[Source "ChessBase"]
[SourceQuality "1"]
[TimeControl "5400+30"]

1. e4 c5 2. Nf3 d6 3. Nc3 Nf6 4. e5 dxe5 5. Nxe5 a6 6. g3 {[%emt 0:00:04] B50: Sicilian: 2...d6, Miscellaneous.} Qd6 {[%emt 0:00:56] [#] is recently more successful than 6...Qc7.} 7. f4 $146 ({Predecessor:} 7. Nf3 Nc6 8. Bg2 Bf5 9. O-O e6 10. d3 Be7 11. Re1 O-O 12. Bf4 Qd7 13. Ne5 Nxe5 14. Bxe5 {½-½ (53) Artemiev,V (2700)-Sarana,A (2666) Kazan 2022}) 7... Nc6 8. Nc4 {[%emt 0:00:36] The position is equal.} Qc7 9. Ne3 e6 10. Bg2 Be7 11. b3 b6 12. Bb2 Bb7 13. Qf3 Na5 14. Qe2 Bxg2 15. Qxg2 Qc6 16. O-O Qxg2+ 17. Kxg2 O-O-O 18. d3 Rhe8 19. Nc4 Nxc4 20. bxc4 g6 21. Rab1 Kc7 22. h3 Kc6 23. a4 a5 24. Ne2 Ng8 (24... Nd7 $14 {was preferrable.}) 25. Ng1 Bf6 26. Be5 Rf8 27. Nf3 h6 {[%emt 0:00:53] Against Ng5} 28. g4 {[%emt 0:06:12] White is much more active.} (28. Rb5 $16 {Strongly threatening Rfb1.} Bxe5 29. Nxe5+ Kc7 30. Rfb1) 28... Bxe5 $1 $14 29. fxe5 Ne7 30. Kg3 g5 31. h4 gxh4+ 32. Nxh4 Ng6 $2 {[%emt 0:00:36] Prevents Rf4. This costs Black the game.} (32... Rd7 $14) 33. Nxg6 $18 fxg6 34. Rf6 Rxf6 35. exf6 {[%emt 0:00:05][%cal Be5f6,Bf6f7][%mdl 4128] Endgame KR-KR} Rf8 $2 {[%emt 0:01:25] [#]} (35... g5 36. Rh1 Kd6 37. Rxh6 Ke5) 36. g5 $1 hxg5 (36... h5 $142 37. Kf4 e5+ 38. Ke4 (38. Kxe5 Re8+ 39. Kf4 Re2 $18) 38... h4 39. Kxe5 Re8+ 40. Kf4 Rh8) 37. Rf1 Kd7 38. Kg4 Ke8 39. Kxg5 Rh8 {[%emt 0:00:27] [#]} 40. f7+ $1 Kf8 41. Kxg6 Rh2 42. Kf6 Rxc2 43. Kxe6 {[%emt 0:00:18] White threatens Kd5 and mate.} Rd2 44. Rf3 {[%emt 0:00:43] Kd7 would kill now.} Rd1 45. Kd5 Ra1 46. Kc6 Rb1 47. Kb7 Rb4 48. Rf6 {[%emt 0:00:21] Intending Ka7 and mate.} Rb3 49. Ka6 Rb4 50. Rxb6 {[%emt 0:03:46] White mates.} Rxa4 51. Kb5 Ra3 52. Rd6 Kxf7 53. Kxc5 Rb3 54. d4 a4 55. Ra6 a3 56. Kd6 Rb4 57. Kd5 Rb3 58. c5 Ke8 59. Kc6 {[%emt 0:01:35] Weighted Error Value: White=0.06 (flawless) /Black=0.57} (59. Kd6 $142 Rb8 60. Rxa3 Rd8+ 61. Ke6 Kf8 62. d5 Kg7 63. c6 Re8+ 64. Kd7) 1-0

[Event "34th Pula Open 2022"]
[Site "Pula"]
[Date "2022.06.23"]
[Round "7.1"]
[White "Nikcevic, Nebojsa"]
[Black "De Vleeschauwer, Maarten"]
[Result "1-0"]
[ECO "D47"]
[WhiteElo "2387"]
[BlackElo "2255"]
[Annotator "TA"]
[PlyCount "61"]
[EventDate "2022.06.18"]
[EventType "swiss"]
[EventCountry "CRO"]
[SourceTitle "playchess.com"]
[Source "ChessBase"]
[SourceQuality "1"]
[TimeControl "5400+30"]

1. c4 c6 2. Nf3 d5 3. e3 Nf6 4. Nc3 e6 5. d4 Nbd7 6. Bd3 dxc4 7. Bxc4 b5 8. Bd3 Bb7 9. e4 b4 10. Na4 c5 11. e5 Nd5 12. O-O cxd4 13. Nxd4 Nxe5 14. Bb5+ Nd7 15. Re1 Rc8 16. Qh5 g6 17. Qh3 {[%emt 0:09:00][%cal Od4e6] Strongly threatening Nxe6! D47: Semi-Slav: Meran System.} a6 18. Bg5 Be7 $1 $17 (18... Qxg5 $2 19. Nxe6 $1 fxe6 20. Qxe6+ Be7 21. Bxd7+ (21. Qxd7+ Kf7 $11) 21... Kf8 22. Bxc8 $18) 19. Bxe7 {[%emt 0:00:29] Black is better.} Nxe7 ({Much worse is} 19... Qxe7 20. Nxe6 fxe6 21. Rxe6 axb5 22. Rxe7+ Kxe7 23. Re1+ Kd8 24. Qh4+ Kc7 25. Qg3+ Kd8 26. Qh4+ Kc7 27. Qg3+ Kd8 28. Qh4+ $11) 20. Nxe6 fxe6 21. Bxd7+ {[%emt 0:01:09][%mdl 64] Remove Defender} Qxd7 22. Nb6 {[%emt 0:00:00] [#]} Qc6 (22... Qd6 $1 $17 {stays on course.} 23. Nxc8 (23. Rxe6 Qd8 $17) 23... Bxc8) 23. Rxe6 $16 {[%emt 0:09:04] [#] White is more active.} Qc5 $146 {[%emt 0:00:44][%cal Oe8g8] And now ...0-0! would win.} (23... Qc1+ $2 24. Re1 Qc7 25. Nxc8 Qxc8 26. Qg3 $18) ({Predecessor:} 23... Qc1+ 24. Re1 Qc6 25. Nxc8 Bxc8 26. Qh4 Qb7 27. Rac1 Bf5 28. Qf6 Rf8 29. Qe5 {1-0 (29) Almasi,I (2440)-Schlegl,O (2130) Balatonlelle 2006}) 24. Qh4 $2 ({Don't play} 24. Nxc8 $6 Bxc8 25. Qe3 Qxe3 26. Rxe3 Kf7 $11) (24. Rxe7+ $1 $16 {is forced if you want to stay better.} Qxe7 25. Nxc8) 24... Rc6 $4 (24... Qc1+ $2 25. Re1 Qxe1+ 26. Rxe1 $18) (24... Rc7 $19 25. Qf4 Rf8) 25. Na4 $18 Qxf2+ 26. Qxf2 {[%emt 0:01:02][%cal Oe6e7] Rxe7+! would kill now.} Rxe6 27. Nc5 Rf8 28. Qg3 Rb6 29. Qc7 {[%emt 0:00:14] White wants to mate with Re1.} Rc6 30. Qd7+ Kf7 31. Nxb7 {[%emt 0:00:32] Weighted Error Value: White=0.94/Black=1.23} (31. Re1 $142 Re8 32. Rf1+ Kg7 33. Qxe8 Nf5 34. Nxb7 Rc5 35. Nxc5 b3 36. Qe5+ Kf7 37. Nd7) 1-0

[Event "34th Pula Open 2022"]
[Site "Pula"]
[Date "2022.06.23"]
[Round "7.2"]
[White "Fercec, Nenad"]
[Black "Maki-Uuro, Miikka"]
[Result "0-1"]
[ECO "C10"]
[WhiteElo "2415"]
[BlackElo "2332"]
[Annotator "TA"]
[PlyCount "56"]
[EventDate "2022.06.18"]
[EventType "swiss"]
[EventCountry "CRO"]
[SourceTitle "playchess.com"]
[Source "ChessBase"]
[SourceQuality "1"]
[TimeControl "5400+30"]

1. e4 e6 2. d4 d5 3. Nd2 dxe4 4. Nxe4 Nd7 5. Nf3 Ngf6 6. Nxf6+ Nxf6 7. Be3 {[%emt 0:00:20] 7.c3 is a critical line.} Bd6 {[%emt 0:00:48] C10: French with 3 Nc3: Unusual Black 3rd moves and 3...dxe4.} 8. Bd3 O-O 9. Qe2 b6 {[%emt 0:01:42] White is slightly better.} 10. O-O-O Bb7 {[%emt 0:00:32] [#]} 11. Ng5 $146 ({White should play} 11. Rhe1 $14) ({Predecessor:} 11. Rhe1 Nd5 12. Kb1 Nxe3 13. fxe3 Qe7 14. e4 e5 15. Bc4 Rae8 16. d5 Bc8 17. Nd2 {0-1 (46) Pichot,A (2630)-Meier,G (2631) Dubai 2021}) 11... h6 (11... Bxg2 $2 12. Rhg1 $18) 12. h4 Re8 (12... hxg5 $2 13. hxg5 g6 14. gxf6 Qxf6 15. Qg4 $18) (12... Bxg2 13. Rhg1 Bd5 14. Nh7 $16) 13. c3 a6 (13... hxg5 14. hxg5 Nd5 15. Qg4 (15. Qh5 Kf8 $17)) 14. Qc2 hxg5 $17 15. hxg5 Nd5 ({And not} 15... Bxg2 16. gxf6 Qxf6 17. Bh7+ Kf8 18. Be4 Bxe4 19. Qxe4 $11) 16. Bd2 (16. Qe2 $17 {keeps fighting.}) 16... Bf4 17. Rh5 Bxd2+ 18. Qxd2 g6 19. Rh6 {[%emt 0:00:20] [#]} Qd6 $1 20. g3 {[%emt 0:02:59] Inhibits Nf4.} (20. Be4 $17) 20... Kg7 $19 21. Be4 {[%emt 0:02:36] [#]} Nxc3 22. Bxb7 Nxd1 23. Bxa8 {[%emt 0:00:15] [#] Hoping for Bb7.} Nxb2 $1 {[%emt 0:01:21] Active counter play!} 24. Bb7 Nc4 {[%emt 0:00:29] Chess con chili.} 25. Qc3 b5 26. d5+ (26. Rh4 $142) 26... e5 27. Qf3 $2 (27. Kd1) 27... Qe7 28. Kd1 Qxg5 {[%emt 0:00:36] Weighted Error Value: White=0.77/Black=0.03 (flawless)} 0-1

[Event "34th Pula Open 2022"]
[Site "Pula"]
[Date "2022.06.23"]
[Round "7.3"]
[White "Popovic, Milan S"]
[Black "Stankovic, Boris"]
[Result "1/2-1/2"]
[ECO "B30"]
[WhiteElo "2383"]
[BlackElo "2287"]
[Annotator "TA"]
[PlyCount "27"]
[EventDate "2022.06.18"]
[EventType "swiss"]
[EventCountry "CRO"]
[SourceTitle "playchess.com"]
[Source "ChessBase"]
[SourceQuality "1"]
[TimeControl "5400+30"]

1. e4 c5 2. Nf3 Nc6 3. Bb5 e6 4. Bxc6 bxc6 5. d3 Ne7 6. Qe2 d6 $1 {[%emt 0:00:26][%mdl 4] now scores much better than the old 6...Ng6. B30: Sicilian: 2...Nc6 3 Bb5, lines without ...g6.} 7. e5 Nf5 8. Na3 {[%emt 0:03:17] [#]} ({White should try} 8. O-O $11) 8... f6 $146 (8... d5 $15) ({Predecessor:} 8... Nd4 9. Nxd4 cxd4 10. exd6 Bxd6 11. Nc4 O-O 12. O-O Ba6 13. Nxd6 Qxd6 14. Qg4 e5 {1-0 (31) Nezad,H (2373)-Whatley,S (1855) Caleta 2014}) 9. exd6 $11 Bxd6 10. c3 O-O {[%emt 0:01:39] The position is equal.} 11. O-O Re8 12. Nc4 Bf8 13. Rd1 e5 14. Nfd2 {[%emt 0:00:36] An uneventful encounter.  Weighted Error Value: White=0.20 (precise) /Black=0.22 (precise)} 1/2-1/2